Workbook

Sheet Auszahlung Erzeuger
B1: Demeter Landbauerzeugnisse GmbH
B2: Auf den Stücken 4
B3: 58455 Witten
B4: Tel.: 02302/1791671 Fax: 02302/276941
B5: info@demeter-fleisch.de
B7: Auszahlungspreise Demeter-/Bio-Schweine | G7: ab 01.07.2026
B8: Auszahlungspreise frei Schachtstätte Warmschlachtgewicht
B9: in Seestermühe, Itzehoe, Unna, Fulda oder Bad Bevensen
C10: >55,5% Magerfleisch | D10: 53% - 55,5% Magerfleisch | E10: >55,5% Magerfleisch | F10: 120kg bis 130kg | G10: über 130 kg
B11: pro kg SG | C11: 3.95 | D11: 3.85 | E11: 3.75 | F11: 3.75 | G11: 3.5
C12: Zielgewicht 85 bis 120 kg
B14: Pauschale Abgabe für die EZG
C15: pro Schwein | D15: -5
B17: Auszahlungspreise Demeter-/Bio-Rinder | G17: ab 10.08.2026
B18: Auszahlungspreise frei Schachtstätte Warmschlachtgewicht
B19: in Detern, Itzehoe, Unna, Borgholzhausen und Bad Bevensen
C20: Färsen | D20: Ochsen | E20: Jung-bullen | F20: Kühe | G20: Bullen (Ochsen) | H20: Bullen (Ochsen)
B21: Alter | C21: bis 36 Monate | D21: bis 36 Monate | E21: bis 30 Monate | F21: ab 36 Monate | G21: ab 30 bis 36 Monate | H21: ab 36 Monate
B22: Zielgewichte | C22: ab 300 kg | D22: ab 300 kg | E22: ab 300 kg | F22: ab 250 kg | G22: ab 300 kg (Ochsen 36 - 42 Monate) | H22: ab 300 kg (Ochsen ab 42 Monate)
B24: -0.1 | C24: Fettstufe 1 Fettstufe 1 Fettstufe 1 Fettstufe 1
B25: U | C25: =+C30+$B$24 -> 7.1 | D25: =+D30+$B$24 -> 7.25 | E25: =+E30+$B$24 -> 7.25 | F25: =+F30+$B$24 -> 6.25 | G25: =+G30+$B$24 -> 6.75 | H25: =+F25+$H$91 -> 6.55
B26: R | C26: =+C31+$B$24 -> 7 | D26: =+D31+$B$24 -> 7.15 | E26: =+E31+$B$24 -> 7.15 | F26: =+F31+$B$24 -> 6.2 | G26: =+G31+$B$24 -> 6.7 | H26: =+F26+$H$91 -> 6.5
B27: O | C27: =+C32+$B$24 -> 6.85 | D27: =+D32+$B$24 -> 6.9 | E27: =+E32+$B$24 -> 6.9 | F27: =+F32+$B$24 -> 6 | G27: =+G32+$B$24 -> 6.5 | H27: =+F27+$H$91 -> 6.3
B28: P | C28: =+F28 -> 5.4 | D28: =+F28 -> 5.4 | E28: =+F28 -> 5.4 | F28: =+F33+$B$24 -> 5.4 | G28: =+F28 -> 5.4 | H28: =+G28 -> 5.4
B29: 0 | C29: Fettstufe 2 Fettstufe 2 Fettstufe 2 Fettstufe 2
B30: U | C30: 7.2 | D30: 7.35 | E30: 7.35 | F30: 6.35 | G30: =+F30+$G$91 -> 6.85 | H30: =+F30+$H$91 -> 6.65
B31: R | C31: 7.1 | D31: 7.25 | E31: 7.25 | F31: 6.3 | G31: =+F31+$G$91 -> 6.8 | H31: =+F31+$H$91 -> 6.6
B32: O | C32: 6.95 | D32: 7 | E32: 7 | F32: 6.1 | G32: =+F32+$G$91 -> 6.6 | H32: =+F32+$H$91 -> 6.4
B33: P | C33: 5.6 | D33: 5.6 | E33: 5.5 | F33: 5.5 | G33: 5.6 | H33: 5.6
B34: 0.05 | C34: Fettstufe 3 Fettstufe 3 Fettstufe 3 Fettstufe 3
B35: U | C35: =+$B$34+C30 -> 7.25 | D35: =+$B$34+D30 -> 7.4 | E35: =+$B$34+E30 -> 7.4 | F35: =+F30+$B$34 -> 6.4 | G35: =+G30+$B$34 -> 6.9 | H35: =+F35+$H$91 -> 6.7
B36: R | C36: =+$B$34+C31 -> 7.15 | D36: =+$B$34+D31 -> 7.3 | E36: =+$B$34+E31 -> 7.3 | F36: =+F31+$B$34 -> 6.35 | G36: =+G31+$B$34 -> 6.85 | H36: =+F36+$H$91 -> 6.65
B37: O | C37: =+$B$34+C32 -> 7 | D37: =+$B$34+D32 -> 7.05 | E37: =+$B$34+E32 -> 7.05 | F37: =+F32+$B$34 -> 6.15 | G37: =+G32+$B$34 -> 6.65 | H37: =+F37+$H$91 -> 6.45
B38: P | C38: =+C33 -> 5.6 | D38: =+D33 -> 5.6 | E38: =+E33 -> 5.5 | F38: =+F33 -> 5.5 | G38: =+G33 -> 5.6 | H38: =+H33 -> 5.6
B39: -0.15 | C39: Fettstufe 4 Fettstufe 4 Fettstufe 4 Fettstufe 4
B40: U | C40: =+C35+$B$39 -> 7.1 | D40: =+D35+$B$39 -> 7.25 | E40: =+E35+$B$39 -> 7.25 | F40: =+F35+$B$39 -> 6.25 | G40: =+F40+$G$91 -> 6.75 | H40: =+F40+$H$91 -> 6.55
B41: R | C41: =+C36+$B$39 -> 7 | D41: =+D36+$B$39 -> 7.15 | E41: =+E36+$B$39 -> 7.15 | F41: =+F36+$B$39 -> 6.2 | G41: =+F41+$G$91 -> 6.7 | H41: =+F41+$H$91 -> 6.5
B42: O | C42: =+C37+$B$39 -> 6.85 | D42: =+D37+$B$39 -> 6.9 | E42: =+E37+$B$39 -> 6.9 | F42: =+F37+$B$39 -> 6 | G42: =+F42+$G$91 -> 6.5 | H42: =+F42+$H$91 -> 6.3
B43: P | C43: =+C28 -> 5.4 | D43: =+D28 -> 5.4 | E43: =+E28 -> 5.4 | F43: =+F28 -> 5.4 | G43: =+G28 -> 5.4 | H43: =+H28 -> 5.4
C44: Fettstufe 5+ Fettstufe 5+ Fettstufe 5+ Fettstufe 5+
B45: Alle | C45: je Auszahlung Klasse 2 -0,50 €/kg
B47: Auf- bzw Abschläge für Rinder | E47: Demeter | F47: Demeter
B49: Färsen. Jungbullen. Ochsen | D49: kg/WSG
B50: je 20 kg weniger | D50: -0.2
B51: unter 260kg Kuh-Preise mit Abstufung siehe unten
B53: Kühe | D53: kg/WSG
B54: 230 bis 249 kg | D54: -0.25
B55: 200 bis 229 kg | D55: -0.55
B56: unter 200 kg | D56: -0.75
B59: Pauschale Abgaben pro Rind
C60: pro Rind | D60: =+C85 -> 15
B61: Preisänderungen vorbehalten!
B62: Die genannten Preise sind Netto, also zuzüglich der für den Erzeugerbetrieb geltenden MWSt.
B64: Konventionelle Notierungen NRW lt. Lanuv
B65: Referenzpreise LANUV für die 17. Kw in ROT
C66: Färsen | D66: Ochsen | E66: Jung-bullen | F66: Kühe | G66: Altbullen | H66: Aufschläge
B67: U2 | F67: 3.84 | H67: 1
B68: U3 | F68: 3.94 | H68: 1
B69: R2 | F69: 3.75 | H69: 1
B70: R3 | F70: 3.85 | H70: 1
B71: R4 | F71: 3.75 | H71: 0.9
B72: O2 | F72: 3.52 | H72: 1
B73: O3 | F73: 3.54 | H73: 1
B74: O4 | F74: 3.59 | H74: 0.85
B75: P1 | F75: 2.92 | H75: 0.85
B76: P2 | F76: 3.1 | H76: 0.9
B77: P3 | F77: 3.21 | H77: 0.9
B80: Kalkulatorische Kosten
B81: Schlachtung | C81: 160
B82: Transport | C82: 0.25
B83: Gewichtsdifferenz | C83: 30
C84: Landwirt | D84: Kunde
B85: Marge | C85: 15 | D85: 30 | E85: =+D85+C85 -> 45
B87: Vorkalkulation
C89: Färsen | D89: Ochsen | E89: Jung-bullen | F89: Kühe | G89: Bullen (Ochsen) 30-36 Monate | H89: Deck- bzw. Altbullen
B91: Einzelauf-schläge gegnüber Kühe | G91: 0.5 | H91: 0.3
B92: Durchschnitts-gewicht für Kalulation in Kg | C92: 300 | D92: 330 | E92: 330 | F92: 290 | G92: 330 | H92: 330
B93: Kaltschlacht-gewicht in Kg (3%Abzug) | C93: =(C92)-(C92*$J$93) -> 294 | D93: =(D92)-(D92*$J$93) -> 323.4 | E93: =(E92)-(E92*$J$93) -> 323.4 | F93: =(F92)-(F92*$J$93) -> 284.2 | G93: =(G92)-(G92*$J$93) -> 323.4 | H93: =(H92)-(H92*$J$93) -> 323.4 | J93: 0.02
B94: Gewichts-differenz in Kg | C94: =+C92-C93 -> 6 | D94: =+D92-D93 -> 6.6 | E94: =+E92-E93 -> 6.6 | F94: =+F92-F93 -> 5.8 | G94: =+G92-G93 -> 6.6 | H94: =+H92-H93 -> 6.6
B95: Kosten Schlachtung un Transport pro kg | C95: =+($C81/C92)+$C82 -> 0.78333333 | D95: =+($C81/D92)+$C82 -> 0.73484848 | E95: =+($C81/E92)+$C82 -> 0.73484848 | F95: =+($C81/F92)+$C82 -> 0.80172414 | G95: =+($C81/G92)+$C82 -> 0.73484848 | H95: =+($C81/H92)+$C82 -> 0.73484848
B96: Marge zum Kunden pro kg | C96: =+$D85/C92 -> 0.1 | D96: =+$D85/D92 -> 0.090909091 | E96: =+$D85/E92 -> 0.090909091 | F96: =+$D85/F92 -> 0.10344828 | G96: =+$D85/G92 -> 0.090909091 | H96: =+$D85/H92 -> 0.090909091
B97: Mein Aufschlag pro kg | C97: =+C96+C95+($C$83/C92) -> 0.98333333 | D97: =+D96+D95+($C$83/D92) -> 0.91666667 | E97: =+E96+E95+($C$83/E92) -> 0.91666667 | F97: =+F96+F95+($C$83/F92) -> 1.0086207 | G97: =+G96+G95+($C$83/G92) -> 0.91666667 | H97: =+H96+H95+($C$83/H92) -> 0.91666667

Sheet Preise EH
B1: Demeter Landbauerzeugnisse GmbH
B2: Auf den Stücken 4
B3: 58455 Witten
B4: Tel.: 02302/1791671
B5: Fax: 02302/276941
B6: info@demeter-fleisch.de
B8: Auszahlungspreise Bio-Schweine gültig | G8: ab 01.01.2021
B9: Auszahlungspreise frei Schachtstätte
B10: Klasse | C10: E (+55%MFL) (S +0,05€/kg) | D10: U (50-54%MFL) | E10: R (45-49%MFL) | F10: Pauschal alle SN >120kg-150 kg | G10: O und >150 kg | H10: Schweine P + Sauen
B11: pro kg SG | C11: 3.85 | D11: 3.75 | E11: 3.55 | F11: 3.5 | G11: 3.2 | H11: 2.7
C12: Zielgewicht bis 120 kg
B14: Pauschale Abgabe für die EZG
C15: pro Schwein | D15: -5
B17: Preise frei Haus Demeter-Rinder | G17: ab 15.06.2022
B18: kalt, geviertelt hängend, ohne Köpfe, Innereien und Schwänze
B19: Schlachtung Fulda ab 15 Tiere, Detern, Bad Bevensen, Itzehoe und Unna ab min. 5 Tiere
B20: Netto Preise zuzgl. MWSt / Zahlung 14 Tage nach Rechnungsstellung
B22: Aufschlag | C22: 0.9 | D22: 0.9 | E22: 0.9 | F22: 0.9 | G22: 0.9 | H22: 0.9
C24: Färsen | D24: Ochsen | E24: Jung-bullen | F24: Kühe | G24: Bullen (Ochsen) | H24: Bullen (Ochsen)
B25: Preise incl. nebenstehen-den Demeter -aufschlag | C25: 0.95 | D25: Jungbullen-Preis | E25: 1 | F25: siehe unten
B26: Alter | C26: bis 36 Monate | D26: bis 40 Monate | E26: bis 36 Monate | F26: ab 36 Monate | G26: ab 30 bis 36 Monate | H26: ab 36 Monate
B27: Zielgewichte | C27: ab 300 kg bis 380 kg | D27: ab 280 kg -400 kg | E27: ab 300 kg bis 420 kg | F27: ab 280 kg | G27: ab 300 kg (Ochsen 36 - 42 Monate) | H27: ab 300 kg (Ochsen ab 42 Monate)
B29: -0.1 | C29: Fettstufe 1 Fettstufe 1 Fettstufe 1 Fettstufe 1
B30: U | C30: =(+'Auszahlung Erzeuger'!C25*'Auszahlung Erzeuger'!$C$92/'Auszahlung Erzeuger'!$C$93)+$C$22 -> 8.144898 | D30: =(+'Auszahlung Erzeuger'!D25*'Auszahlung Erzeuger'!$D$92/'Auszahlung Erzeuger'!$D$93)+$D$22 -> 8.2979592 | E30: =(+'Auszahlung Erzeuger'!E25*'Auszahlung Erzeuger'!$E$92/'Auszahlung Erzeuger'!$E$93)+$E$22 -> 8.2979592 | F30: =(+'Auszahlung Erzeuger'!F25*'Auszahlung Erzeuger'!$F$92/'Auszahlung Erzeuger'!$F$93)+$F$22 -> 7.277551 | G30: =(+'Auszahlung Erzeuger'!G25*'Auszahlung Erzeuger'!$G$92/'Auszahlung Erzeuger'!$G$93)+$H$22 -> 7.7877551 | H30: =(+'Auszahlung Erzeuger'!H25*'Auszahlung Erzeuger'!$G$92/'Auszahlung Erzeuger'!$G$93)+$H$22 -> 7.5836735
B31: R | C31: =(+'Auszahlung Erzeuger'!C26*'Auszahlung Erzeuger'!$C$92/'Auszahlung Erzeuger'!$C$93)+$C$22 -> 8.0428571 | D31: =(+'Auszahlung Erzeuger'!D26*'Auszahlung Erzeuger'!$D$92/'Auszahlung Erzeuger'!$D$93)+$D$22 -> 8.1959184 | E31: =(+'Auszahlung Erzeuger'!E26*'Auszahlung Erzeuger'!$E$92/'Auszahlung Erzeuger'!$E$93)+$E$22 -> 8.1959184 | F31: =(+'Auszahlung Erzeuger'!F26*'Auszahlung Erzeuger'!$F$92/'Auszahlung Erzeuger'!$F$93)+$F$22 -> 7.2265306 | G31: =(+'Auszahlung Erzeuger'!G26*'Auszahlung Erzeuger'!$G$92/'Auszahlung Erzeuger'!$G$93)+$H$22 -> 7.7367347 | H31: =(+'Auszahlung Erzeuger'!H26*'Auszahlung Erzeuger'!$G$92/'Auszahlung Erzeuger'!$G$93)+$H$22 -> 7.5326531
B32: O | C32: =(+'Auszahlung Erzeuger'!C27*'Auszahlung Erzeuger'!$C$92/'Auszahlung Erzeuger'!$C$93)+$C$22 -> 7.8897959 | D32: =(+'Auszahlung Erzeuger'!D27*'Auszahlung Erzeuger'!$D$92/'Auszahlung Erzeuger'!$D$93)+$D$22 -> 7.9408163 | E32: =(+'Auszahlung Erzeuger'!E27*'Auszahlung Erzeuger'!$E$92/'Auszahlung Erzeuger'!$E$93)+$E$22 -> 7.9408163 | F32: =(+'Auszahlung Erzeuger'!F27*'Auszahlung Erzeuger'!$F$92/'Auszahlung Erzeuger'!$F$93)+$F$22 -> 7.022449 | G32: =(+'Auszahlung Erzeuger'!G27*'Auszahlung Erzeuger'!$G$92/'Auszahlung Erzeuger'!$G$93)+$H$22 -> 7.5326531 | H32: =(+'Auszahlung Erzeuger'!H27*'Auszahlung Erzeuger'!$G$92/'Auszahlung Erzeuger'!$G$93)+$H$22 -> 7.3285714
B33: P | C33: =(+'Auszahlung Erzeuger'!C28*'Auszahlung Erzeuger'!$C$92/'Auszahlung Erzeuger'!$C$93)+$C$22 -> 6.4102041 | D33: =(+'Auszahlung Erzeuger'!D28*'Auszahlung Erzeuger'!$D$92/'Auszahlung Erzeuger'!$D$93)+$D$22 -> 6.4102041 | E33: =(+'Auszahlung Erzeuger'!E28*'Auszahlung Erzeuger'!$E$92/'Auszahlung Erzeuger'!$E$93)+$E$22 -> 6.4102041 | F33: =(+'Auszahlung Erzeuger'!F28*'Auszahlung Erzeuger'!$F$92/'Auszahlung Erzeuger'!$F$93)+$F$22 -> 6.4102041 | G33: =(+'Auszahlung Erzeuger'!G28*'Auszahlung Erzeuger'!$G$92/'Auszahlung Erzeuger'!$G$93)+$H$22 -> 6.4102041 | H33: =(+'Auszahlung Erzeuger'!H28*'Auszahlung Erzeuger'!$G$92/'Auszahlung Erzeuger'!$G$93)+$H$22 -> 6.4102041
B34: Gesetzt | C34: Fettstufe 2 Fettstufe 2 Fettstufe 2 Fettstufe 2
B35: U | C35: =(+'Auszahlung Erzeuger'!C30*'Auszahlung Erzeuger'!$C$92/'Auszahlung Erzeuger'!$C$93)+$C$22 -> 8.2469388 | D35: =(+'Auszahlung Erzeuger'!D30*'Auszahlung Erzeuger'!$D$92/'Auszahlung Erzeuger'!$D$93)+$D$22 -> 8.4 | E35: =(+'Auszahlung Erzeuger'!E30*'Auszahlung Erzeuger'!$E$92/'Auszahlung Erzeuger'!$E$93)+$E$22 -> 8.4 | F35: =(+'Auszahlung Erzeuger'!F30*'Auszahlung Erzeuger'!$F$92/'Auszahlung Erzeuger'!$F$93)+$F$22 -> 7.3795918 | G35: =(+'Auszahlung Erzeuger'!G30*'Auszahlung Erzeuger'!$G$92/'Auszahlung Erzeuger'!$G$93)+$H$22 -> 7.8897959 | H35: =(+'Auszahlung Erzeuger'!H30*'Auszahlung Erzeuger'!$G$92/'Auszahlung Erzeuger'!$G$93)+$H$22 -> 7.6857143
B36: R | C36: =(+'Auszahlung Erzeuger'!C31*'Auszahlung Erzeuger'!$C$92/'Auszahlung Erzeuger'!$C$93)+$C$22 -> 8.144898 | D36: =(+'Auszahlung Erzeuger'!D31*'Auszahlung Erzeuger'!$D$92/'Auszahlung Erzeuger'!$D$93)+$D$22 -> 8.2979592 | E36: =(+'Auszahlung Erzeuger'!E31*'Auszahlung Erzeuger'!$E$92/'Auszahlung Erzeuger'!$E$93)+$E$22 -> 8.2979592 | F36: =(+'Auszahlung Erzeuger'!F31*'Auszahlung Erzeuger'!$F$92/'Auszahlung Erzeuger'!$F$93)+$F$22 -> 7.3285714 | G36: =(+'Auszahlung Erzeuger'!G31*'Auszahlung Erzeuger'!$G$92/'Auszahlung Erzeuger'!$G$93)+$H$22 -> 7.8387755 | H36: =(+'Auszahlung Erzeuger'!H31*'Auszahlung Erzeuger'!$G$92/'Auszahlung Erzeuger'!$G$93)+$H$22 -> 7.6346939
B37: O | C37: =(+'Auszahlung Erzeuger'!C32*'Auszahlung Erzeuger'!$C$92/'Auszahlung Erzeuger'!$C$93)+$C$22 -> 7.9918367 | D37: =(+'Auszahlung Erzeuger'!D32*'Auszahlung Erzeuger'!$D$92/'Auszahlung Erzeuger'!$D$93)+$D$22 -> 8.0428571 | E37: =(+'Auszahlung Erzeuger'!E32*'Auszahlung Erzeuger'!$E$92/'Auszahlung Erzeuger'!$E$93)+$E$22 -> 8.0428571 | F37: =(+'Auszahlung Erzeuger'!F32*'Auszahlung Erzeuger'!$F$92/'Auszahlung Erzeuger'!$F$93)+$F$22 -> 7.1244898 | G37: =(+'Auszahlung Erzeuger'!G32*'Auszahlung Erzeuger'!$G$92/'Auszahlung Erzeuger'!$G$93)+$H$22 -> 7.6346939 | H37: =(+'Auszahlung Erzeuger'!H32*'Auszahlung Erzeuger'!$G$92/'Auszahlung Erzeuger'!$G$93)+$H$22 -> 7.4306122
B38: P | C38: =(+'Auszahlung Erzeuger'!C33*'Auszahlung Erzeuger'!$C$92/'Auszahlung Erzeuger'!$C$93)+$C$22 -> 6.6142857 | D38: =(+'Auszahlung Erzeuger'!D33*'Auszahlung Erzeuger'!$D$92/'Auszahlung Erzeuger'!$D$93)+$D$22 -> 6.6142857 | E38: =(+'Auszahlung Erzeuger'!E33*'Auszahlung Erzeuger'!$E$92/'Auszahlung Erzeuger'!$E$93)+$E$22 -> 6.5122449 | F38: =(+'Auszahlung Erzeuger'!F33*'Auszahlung Erzeuger'!$F$92/'Auszahlung Erzeuger'!$F$93)+$F$22 -> 6.5122449 | G38: =(+'Auszahlung Erzeuger'!G33*'Auszahlung Erzeuger'!$G$92/'Auszahlung Erzeuger'!$G$93)+$H$22 -> 6.6142857 | H38: =(+'Auszahlung Erzeuger'!H33*'Auszahlung Erzeuger'!$G$92/'Auszahlung Erzeuger'!$G$93)+$H$22 -> 6.6142857
B39: 0.05 | C39: Fettstufe 3 Fettstufe 3 Fettstufe 3 Fettstufe 3
B40: U | C40: =(+'Auszahlung Erzeuger'!C35*'Auszahlung Erzeuger'!$C$92/'Auszahlung Erzeuger'!$C$93)+$C$22 -> 8.2979592 | D40: =(+'Auszahlung Erzeuger'!D35*'Auszahlung Erzeuger'!$D$92/'Auszahlung Erzeuger'!$D$93)+$D$22 -> 8.4510204 | E40: =(+'Auszahlung Erzeuger'!E35*'Auszahlung Erzeuger'!$E$92/'Auszahlung Erzeuger'!$E$93)+$E$22 -> 8.4510204 | F40: =(+'Auszahlung Erzeuger'!F35*'Auszahlung Erzeuger'!$F$92/'Auszahlung Erzeuger'!$F$93)+$F$22 -> 7.4306122 | G40: =(+'Auszahlung Erzeuger'!G35*'Auszahlung Erzeuger'!$G$92/'Auszahlung Erzeuger'!$G$93)+$H$22 -> 7.9408163 | H40: =(+'Auszahlung Erzeuger'!H35*'Auszahlung Erzeuger'!$G$92/'Auszahlung Erzeuger'!$G$93)+$H$22 -> 7.7367347
B41: R | C41: =(+'Auszahlung Erzeuger'!C36*'Auszahlung Erzeuger'!$C$92/'Auszahlung Erzeuger'!$C$93)+$C$22 -> 8.1959184 | D41: =(+'Auszahlung Erzeuger'!D36*'Auszahlung Erzeuger'!$D$92/'Auszahlung Erzeuger'!$D$93)+$D$22 -> 8.3489796 | E41: =(+'Auszahlung Erzeuger'!E36*'Auszahlung Erzeuger'!$E$92/'Auszahlung Erzeuger'!$E$93)+$E$22 -> 8.3489796 | F41: =(+'Auszahlung Erzeuger'!F36*'Auszahlung Erzeuger'!$F$92/'Auszahlung Erzeuger'!$F$93)+$F$22 -> 7.3795918 | G41: =(+'Auszahlung Erzeuger'!G36*'Auszahlung Erzeuger'!$G$92/'Auszahlung Erzeuger'!$G$93)+$H$22 -> 7.8897959 | H41: =(+'Auszahlung Erzeuger'!H36*'Auszahlung Erzeuger'!$G$92/'Auszahlung Erzeuger'!$G$93)+$H$22 -> 7.6857143
B42: O | C42: =(+'Auszahlung Erzeuger'!C37*'Auszahlung Erzeuger'!$C$92/'Auszahlung Erzeuger'!$C$93)+$C$22 -> 8.0428571 | D42: =(+'Auszahlung Erzeuger'!D37*'Auszahlung Erzeuger'!$D$92/'Auszahlung Erzeuger'!$D$93)+$D$22 -> 8.0938776 | E42: =(+'Auszahlung Erzeuger'!E37*'Auszahlung Erzeuger'!$E$92/'Auszahlung Erzeuger'!$E$93)+$E$22 -> 8.0938776 | F42: =(+'Auszahlung Erzeuger'!F37*'Auszahlung Erzeuger'!$F$92/'Auszahlung Erzeuger'!$F$93)+$F$22 -> 7.1755102 | G42: =(+'Auszahlung Erzeuger'!G37*'Auszahlung Erzeuger'!$G$92/'Auszahlung Erzeuger'!$G$93)+$H$22 -> 7.6857143 | H42: =(+'Auszahlung Erzeuger'!H37*'Auszahlung Erzeuger'!$G$92/'Auszahlung Erzeuger'!$G$93)+$H$22 -> 7.4816327
B43: P | C43: =(+'Auszahlung Erzeuger'!C38*'Auszahlung Erzeuger'!$C$92/'Auszahlung Erzeuger'!$C$93)+$C$22 -> 6.6142857 | D43: =(+'Auszahlung Erzeuger'!D38*'Auszahlung Erzeuger'!$D$92/'Auszahlung Erzeuger'!$D$93)+$D$22 -> 6.6142857 | E43: =(+'Auszahlung Erzeuger'!E38*'Auszahlung Erzeuger'!$E$92/'Auszahlung Erzeuger'!$E$93)+$E$22 -> 6.5122449 | F43: =(+'Auszahlung Erzeuger'!F38*'Auszahlung Erzeuger'!$F$92/'Auszahlung Erzeuger'!$F$93)+$F$22 -> 6.5122449 | G43: =(+'Auszahlung Erzeuger'!G38*'Auszahlung Erzeuger'!$G$92/'Auszahlung Erzeuger'!$G$93)+$H$22 -> 6.6142857 | H43: =(+'Auszahlung Erzeuger'!H38*'Auszahlung Erzeuger'!$G$92/'Auszahlung Erzeuger'!$G$93)+$H$22 -> 6.6142857
B44: -0.1 | C44: Fettstufe 4 Fettstufe 4 Fettstufe 4 Fettstufe 4
B45: U | C45: =(+'Auszahlung Erzeuger'!C40*'Auszahlung Erzeuger'!$C$92/'Auszahlung Erzeuger'!$C$93)+$C$22 -> 8.144898 | D45: =(+'Auszahlung Erzeuger'!D40*'Auszahlung Erzeuger'!$D$92/'Auszahlung Erzeuger'!$D$93)+$D$22 -> 8.2979592 | E45: =(+'Auszahlung Erzeuger'!E40*'Auszahlung Erzeuger'!$E$92/'Auszahlung Erzeuger'!$E$93)+$E$22 -> 8.2979592 | F45: =(+'Auszahlung Erzeuger'!F40*'Auszahlung Erzeuger'!$F$92/'Auszahlung Erzeuger'!$F$93)+$F$22 -> 7.277551 | G45: =(+'Auszahlung Erzeuger'!G40*'Auszahlung Erzeuger'!$G$92/'Auszahlung Erzeuger'!$G$93)+$H$22 -> 7.7877551 | H45: =(+'Auszahlung Erzeuger'!H40*'Auszahlung Erzeuger'!$G$92/'Auszahlung Erzeuger'!$G$93)+$H$22 -> 7.5836735
B46: R | C46: =(+'Auszahlung Erzeuger'!C41*'Auszahlung Erzeuger'!$C$92/'Auszahlung Erzeuger'!$C$93)+$C$22 -> 8.0428571 | D46: =(+'Auszahlung Erzeuger'!D41*'Auszahlung Erzeuger'!$D$92/'Auszahlung Erzeuger'!$D$93)+$D$22 -> 8.1959184 | E46: =(+'Auszahlung Erzeuger'!E41*'Auszahlung Erzeuger'!$E$92/'Auszahlung Erzeuger'!$E$93)+$E$22 -> 8.1959184 | F46: =(+'Auszahlung Erzeuger'!F41*'Auszahlung Erzeuger'!$F$92/'Auszahlung Erzeuger'!$F$93)+$F$22 -> 7.2265306 | G46: =(+'Auszahlung Erzeuger'!G41*'Auszahlung Erzeuger'!$G$92/'Auszahlung Erzeuger'!$G$93)+$H$22 -> 7.7367347 | H46: =(+'Auszahlung Erzeuger'!H41*'Auszahlung Erzeuger'!$G$92/'Auszahlung Erzeuger'!$G$93)+$H$22 -> 7.5326531
B47: O | C47: =(+'Auszahlung Erzeuger'!C42*'Auszahlung Erzeuger'!$C$92/'Auszahlung Erzeuger'!$C$93)+$C$22 -> 7.8897959 | D47: =(+'Auszahlung Erzeuger'!D42*'Auszahlung Erzeuger'!$D$92/'Auszahlung Erzeuger'!$D$93)+$D$22 -> 7.9408163 | E47: =(+'Auszahlung Erzeuger'!E42*'Auszahlung Erzeuger'!$E$92/'Auszahlung Erzeuger'!$E$93)+$E$22 -> 7.9408163 | F47: =(+'Auszahlung Erzeuger'!F42*'Auszahlung Erzeuger'!$F$92/'Auszahlung Erzeuger'!$F$93)+$F$22 -> 7.022449 | G47: =(+'Auszahlung Erzeuger'!G42*'Auszahlung Erzeuger'!$G$92/'Auszahlung Erzeuger'!$G$93)+$H$22 -> 7.5326531 | H47: =(+'Auszahlung Erzeuger'!H42*'Auszahlung Erzeuger'!$G$92/'Auszahlung Erzeuger'!$G$93)+$H$22 -> 7.3285714
B48: P | C48: =(+'Auszahlung Erzeuger'!C43*'Auszahlung Erzeuger'!$C$92/'Auszahlung Erzeuger'!$C$93)+$C$22 -> 6.4102041 | D48: =(+'Auszahlung Erzeuger'!D43*'Auszahlung Erzeuger'!$D$92/'Auszahlung Erzeuger'!$D$93)+$D$22 -> 6.4102041 | E48: =(+'Auszahlung Erzeuger'!E43*'Auszahlung Erzeuger'!$E$92/'Auszahlung Erzeuger'!$E$93)+$E$22 -> 6.4102041 | F48: =(+'Auszahlung Erzeuger'!F43*'Auszahlung Erzeuger'!$F$92/'Auszahlung Erzeuger'!$F$93)+$F$22 -> 6.4102041 | G48: =(+'Auszahlung Erzeuger'!G43*'Auszahlung Erzeuger'!$G$92/'Auszahlung Erzeuger'!$G$93)+$H$22 -> 6.4102041 | H48: =(+'Auszahlung Erzeuger'!H43*'Auszahlung Erzeuger'!$G$92/'Auszahlung Erzeuger'!$G$93)+$H$22 -> 6.4102041
C49: Fettstufe 5+ Fettstufe 5+ Fettstufe 5+ Fettstufe 5+
B50: Alle | C50: je Auszahlung Klasse 2 -0,30 €/kg
B52: Auf- bzw Abschläge für Rinder | E52: Demeter | F52: Demeter
B54: Färsen. Jungbullen. Ochsen | D54: kg/WSG
B55: je 20 kg mehr oder weniger | D55: -0.1
B56: unter 250kg Kuh-Preise
B58: Kühe, Deck-/Altbullen | D58: kg/WSG
B59: je 20 kg weniger | D59: -0.1

Sheet Tabelle1
B2: RD- 01-21 mit Preisen 01.08.2025
B4: Erzeuger/Lieferant | C4: SG | D4: Art | E4: Klasse | F4: Auszahlungs-preis Netto | G4: Gesamt | J4: Kalt
A5: R040121Ro | B5: Johannshof GbR, 26629 Großefehn | C5: 275.1 | D5: E | E5: R2 | F5: =+'Auszahlung Erzeuger'!C31 -> 7.1 | G5: =+F5*C5 -> 1953.21 | I5: 7.6 | J5: =+I5*(C5*0.975) -> 2038.491
A6: R040121Ro | B6: Johannshof GbR, 26629 Großefehn | C6: 342.7 | D6: E | E6: U2 | F6: =+'Auszahlung Erzeuger'!C30 -> 7.2 | G6: =+F6*C6 -> 2467.44 | I6: 7.6 | J6: =+I6*(C6*0.975) -> 2539.407
A7: R040121Ro | B7: Johannshof GbR, 26629 Großefehn | C7: 378.9 | D7: E | E7: U2 | F7: =+'Auszahlung Erzeuger'!C30 -> 7.2 | G7: =+F7*C7 -> 2728.08 | I7: 7.6 | J7: =+I7*(C7*0.975) -> 2807.649
A8: R040121Ro | B8: Johannshof GbR, 26629 Großefehn | C8: 387.5 | D8: E | E8: U2 | F8: =+'Auszahlung Erzeuger'!C30 -> 7.2 | G8: =+F8*C8 -> 2790 | I8: 7.65 | J8: =+I8*(C8*0.975) -> 2890.2656
A9: R040121Ro | B9: Johannshof GbR, 26629 Großefehn | C9: 376.3 | D9: D | E9: U2 | F9: =+'Auszahlung Erzeuger'!$F$30 -> 6.35 | G9: =+F9*C9 -> 2389.505 | I9: 7.65 | J9: =+I9*(C9*0.975) -> 2806.7276
A10: R040121Ro | B10: Johannshof GbR, 26629 Großefehn | C10: 400.1 | D10: D | E10: U2 | F10: =+'Auszahlung Erzeuger'!$F$30 -> 6.35 | G10: =+F10*C10 -> 2540.635 | I10: 7.65 | J10: =+I10*(C10*0.975) -> 2984.2459
A11: R040121Ro | B11: Johannshof GbR, 26629 Großefehn | C11: 264.9 | D11: D | E11: R2 | F11: =+'Auszahlung Erzeuger'!$F$31 -> 6.3 | G11: =+F11*C11 -> 1668.87 | I11: 7.55 | J11: =+I11*(C11*0.975) -> 1949.9951
A12: R040121Ro | B12: Johannshof GbR, 26629 Großefehn | C12: 366.9 | D12: D | E12: R2 | F12: =+'Auszahlung Erzeuger'!$F$31 -> 6.3 | G12: =+F12*C12 -> 2311.47 | I12: 7.55 | J12: =+I12*(C12*0.975) -> 2700.8426
A13: R040121Ro | B13: Johannshof GbR, 26629 Großefehn | C13: 341.7 | D13: D | E13: R1 | F13: =+'Auszahlung Erzeuger'!$F$26 -> 6.2 | G13: =+F13*C13 -> 2118.54 | I13: 7.55 | J13: =+I13*(C13*0.975) -> 2515.3391
A14: R040121Ro | B14: Johannshof GbR, 26629 Großefehn | C14: 376.7 | D14: D | E14: O3 | F14: =+'Auszahlung Erzeuger'!$F$37 -> 6.15 | G14: =+F14*C14 -> 2316.705 | I14: 7.45 | J14: =+I14*(C14*0.975) -> 2736.2546
A15: R040121Ro | B15: Johannshof GbR, 26629 Großefehn | C15: 367.9 | D15: D | E15: R2 | F15: =+'Auszahlung Erzeuger'!$F$31 -> 6.3 | G15: =+F15*C15 -> 2317.77 | I15: 7.55 | J15: =+I15*(C15*0.975) -> 2708.2039
A16: R040121Ro | B16: Johannshof GbR, 26629 Großefehn | C16: 335.1 | D16: D | E16: R1 | F16: =+'Auszahlung Erzeuger'!$F$26 -> 6.2 | G16: =+F16*C16 -> 2077.62 | I16: 7.55 | J16: =+I16*(C16*0.975) -> 2466.7549
A17: R040121Ro | B17: Johannshof GbR, 26629 Großefehn | C17: 334.3 | D17: D | E17: R2 | F17: =+'Auszahlung Erzeuger'!$F$31 -> 6.3 | G17: =+F17*C17 -> 2106.09 | I17: 7.55 | J17: =+I17*(C17*0.975) -> 2460.8659
A18: R040121Ro | B18: Johannshof GbR, 26629 Großefehn | C18: 405.3 | D18: D | E18: U2 | F18: =+'Auszahlung Erzeuger'!$F$30 -> 6.35 | G18: =+F18*C18 -> 2573.655 | I18: 7.65 | J18: =+I18*(C18*0.975) -> 3023.0314
A19: R040121Ro | B19: Borchers-Junge GbR, 26160 Bad Zwischenahn | C19: 263.9 | D19: C | E19: O2 | F19: =+'Auszahlung Erzeuger'!$D$32 -> 7 | G19: =+F19*C19 -> 1847.3 | I19: 7.9 | J19: =+I19*(C19*0.975) -> 2032.6897
A20: R040121Ro | B20: Borchers-Junge GbR, 26160 Bad Zwischenahn | C20: 330.9 | D20: E | E20: O2 | F20: =+'Auszahlung Erzeuger'!$C$31 -> 7.1 | G20: =+F20*C20 -> 2349.39 | I20: 7.6 | J20: =+I20*(C20*0.975) -> 2451.969
A21: R040121Ro | B21: Borchers-Junge GbR, 26160 Bad Zwischenahn | C21: 282.5 | D21: D | E21: O2 | F21: =+'Auszahlung Erzeuger'!$F$32 -> 6.1 | G21: =+F21*C21 -> 1723.25 | I21: 7.5 | J21: =+I21*(C21*0.975) -> 2065.7812
A22: R040121Ro | B22: Borchers-Junge GbR, 26160 Bad Zwischenahn | C22: 304.3 | D22: E | E22: O3 | F22: =+'Auszahlung Erzeuger'!$C$37 -> 7 | G22: =+F22*C22 -> 2130.1 | I22: 7.6 | J22: =+I22*(C22*0.975) -> 2254.863
A23: R040121Ro | B23: Borchers-Junge GbR, 26160 Bad Zwischenahn | C23: 314.3 | D23: E | E23: O3 | F23: =+'Auszahlung Erzeuger'!$C$37 -> 7 | G23: =+F23*C23 -> 2200.1 | I23: 7.6 | J23: =+I23*(C23*0.975) -> 2328.963
A24: R040121Ro | B24: Borchers-Junge GbR, 26160 Bad Zwischenahn | C24: 274.3 | D24: E | E24: O3 | F24: =+'Auszahlung Erzeuger'!$C$37 -> 7 | G24: =+F24*C24 -> 1920.1 | I24: 7.6 | J24: =+I24*(C24*0.975) -> 2032.563
A25: R040121Ro | B25: Borchers-Junge GbR, 26160 Bad Zwischenahn | C25: 349.9 | D25: E | E25: O3 | F25: =+'Auszahlung Erzeuger'!$C$37 -> 7 | G25: =+F25*C25 -> 2449.3 | I25: 7.6 | J25: =+I25*(C25*0.975) -> 2592.759
A26: R040121Ro | B26: Borchers-Junge GbR, 26160 Bad Zwischenahn | C26: 330.9 | D26: E | E26: O3 | F26: =+'Auszahlung Erzeuger'!$C$37 -> 7 | G26: =+F26*C26 -> 2316.3 | I26: 7.6 | J26: =+I26*(C26*0.975) -> 2451.969
A27: R040121Ro | B27: Borchers-Junge GbR, 26160 Bad Zwischenahn | C27: 331.9 | D27: D | E27: O2 | F27: =+'Auszahlung Erzeuger'!$F$32 -> 6.1 | G27: =+F27*C27 -> 2024.59 | I27: 7.45 | J27: =+I27*(C27*0.975) -> 2410.8386
A28: R040121Ro | B28: Borchers-Junge GbR, 26160 Bad Zwischenahn | C28: 363.9 | D28: C | E28: O3 | F28: =+'Auszahlung Erzeuger'!$F$37 -> 6.15 | G28: =+F28*C28 -> 2237.985 | I28: 7.45 | J28: =+I28*(C28*0.975) -> 2643.2786
A29: R110121Iz | B29: Dirk Schoof, 25761 Hedwigenkoog | C29: 373.6 | D29: D | E29: R2 | F29: =+'Auszahlung Erzeuger'!$F$31 -> 6.3 | G29: =+F29*C29 -> 2353.68 | I29: 7.55 | J29: =+I29*(C29*0.975) -> 2750.163
A30: R110121Iz | B30: Dirk Schoof, 25761 Hedwigenkoog | C30: 366.4 | D30: D | E30: O3 | F30: =+'Auszahlung Erzeuger'!$F$37 -> 6.15 | G30: =+F30*C30 -> 2253.36 | I30: 7.45 | J30: =+I30*(C30*0.975) -> 2661.438
A31: R110121Iz | B31: Dirk Schoof, 25761 Hedwigenkoog | C31: 376.8 | D31: D | E31: R3 | F31: =+'Auszahlung Erzeuger'!$F$36 -> 6.35 | G31: =+F31*C31 -> 2392.68 | I31: 7.45 | J31: =+I31*(C31*0.975) -> 2736.981
A32: R110121Iz | B32: Dirk Kock Rohwer, 24620 Bönebüttel | C32: 354.4 | D32: D | E32: O2 | F32: =+'Auszahlung Erzeuger'!$F$32 -> 6.1 | G32: =+F32*C32 -> 2161.84 | I32: 7.45 | J32: =+I32*(C32*0.975) -> 2574.273
A33: R110121Iz | B33: Dirk Kock Rohwer, 24620 Bönebüttel | C33: 297.8 | D33: D | E33: O3 | F33: =+'Auszahlung Erzeuger'!$F$37 -> 6.15 | G33: =+F33*C33 -> 1831.47 | I33: 7.45 | J33: =+I33*(C33*0.975) -> 2163.1448
A34: R110121Iz | B34: Dirk Kock Rohwer, 24620 Bönebüttel | C34: 347 | D34: D | E34: O3 | F34: =+'Auszahlung Erzeuger'!$F$37 -> 6.15 | G34: =+F34*C34 -> 2134.05 | I34: 7.45 | J34: =+I34*(C34*0.975) -> 2520.5212
A35: R110221Iz | B35: Gut Wulfsdorf, 22926 Ahrensburg | C35: 347 | D35: D | E35: O3 | F35: =+'Auszahlung Erzeuger'!$F$37 -> 6.15 | G35: =+F35*C35 -> 2134.05 | I35: 7.45 | J35: =+I35*(C35*0.975) -> 2520.5212
A36: R110221Iz | B36: Gut Wulfsdorf, 22926 Ahrensburg | C36: 379.4 | D36: D | E36: O3 | F36: =+'Auszahlung Erzeuger'!$F$37 -> 6.15 | G36: =+F36*C36 -> 2333.31 | I36: 7.45 | J36: =+I36*(C36*0.975) -> 2755.8667
A37: R110221Iz | B37: Marten Oest, 21762 Otterndorf | C37: 434.8 | D37: A | E37: U2 | F37: =+'Auszahlung Erzeuger'!$D$30 -> 7.35 | G37: =+F37*C37 -> 3195.78 | I37: 7.9 | J37: =+I37*(C37*0.975) -> 3349.047
A38: R110221Iz | B38: Marten Oest, 21762 Otterndorf | C38: 396.8 | D38: A | E38: U2 | F38: =+'Auszahlung Erzeuger'!$D$30 -> 7.35 | G38: =+F38*C38 -> 2916.48 | I38: 7.9 | J38: =+I38*(C38*0.975) -> 3056.352
A39: R110221Iz | B39: Marten Oest, 21762 Otterndorf | C39: 411 | D39: A | E39: R2 | F39: =+'Auszahlung Erzeuger'!$D$31 -> 7.25 | G39: =+F39*C39 -> 2979.75 | I39: 7.9 | J39: =+I39*(C39*0.975) -> 3165.7275
A40: R110221Iz | B40: Marten Oest, 21762 Otterndorf | C40: 466.6 | D40: A | E40: R2 | F40: =+'Auszahlung Erzeuger'!$D$31 -> 7.25 | G40: =+F40*C40 -> 3382.85 | I40: 7.9 | J40: =+I40*(C40*0.975) -> 3593.9865
A41: R110221Iz | B41: Marten Oest, 21762 Otterndorf | C41: 501.2 | D41: A | E41: R2 | F41: =+'Auszahlung Erzeuger'!$D$31 -> 7.25 | G41: =+F41*C41 -> 3633.7 | I41: 7.9 | J41: =+I41*(C41*0.975) -> 3860.493
A42: R110121SF | B42: Gut Sambach, 99974 Mühlhausen | C42: 319.2 | D42: D | E42: O2 | F42: =+'Auszahlung Erzeuger'!$F$32 -> 6.1 | G42: =+F42*C42 -> 1947.12 | I42: 7.45 | J42: =+I42*(C42*0.975) -> 2318.589
A43: R110121SF | B43: Gut Sambach, 99974 Mühlhausen | C43: 310.6 | D43: D | E43: O2 | F43: =+'Auszahlung Erzeuger'!$F$32 -> 6.1 | G43: =+F43*C43 -> 1894.66 | I43: 7.45 | J43: =+I43*(C43*0.975) -> 2256.1208
A44: R110121SF | B44: Gut Sambach, 99974 Mühlhausen | C44: 336.8 | D44: D | E44: O2 | F44: =+'Auszahlung Erzeuger'!$F$32 -> 6.1 | G44: =+F44*C44 -> 2054.48 | I44: 7.45 | J44: =+I44*(C44*0.975) -> 2446.431
A45: R110121SF | B45: Gut Sambach, 99974 Mühlhausen | C45: 371 | D45: D | E45: R2 | F45: =+'Auszahlung Erzeuger'!$F$31 -> 6.3 | G45: =+F45*C45 -> 2337.3 | I45: 7.55 | J45: =+I45*(C45*0.975) -> 2731.0237
A46: R110121SF | B46: Gut Sambach, 99974 Mühlhausen | C46: 455.6 | D46: D | E46: R3 | F46: =+'Auszahlung Erzeuger'!$F$36 -> 6.35 | G46: =+F46*C46 -> 2893.06 | I46: 7.55 | J46: =+I46*(C46*0.975) -> 3353.7855
A47: R110121SF | B47: Gut Sambach, 99974 Mühlhausen | C47: 325.8 | D47: D | E47: O2 | F47: =+'Auszahlung Erzeuger'!$F$32 -> 6.1 | G47: =+F47*C47 -> 1987.38 | I47: 7.45 | J47: =+I47*(C47*0.975) -> 2366.5298
A48: R110121SF | B48: Gut Sambach, 99974 Mühlhausen | C48: 383 | D48: D | E48: O2 | F48: =+'Auszahlung Erzeuger'!$F$32 -> 6.1 | G48: =+F48*C48 -> 2336.3 | I48: 7.45 | J48: =+I48*(C48*0.975) -> 2782.0163
A49: R110121SF | B49: Gut Sambach, 99974 Mühlhausen | C49: 349.2 | D49: D | E49: R2 | F49: =+'Auszahlung Erzeuger'!$F$31 -> 6.3 | G49: =+F49*C49 -> 2199.96 | I49: 7.45 | J49: =+I49*(C49*0.975) -> 2536.5015
A50: R110121SF | B50: Gut Sambach, 99974 Mühlhausen | C50: 312.2 | D50: D | E50: O2 | F50: =+'Auszahlung Erzeuger'!$F$31 -> 6.3 | G50: =+F50*C50 -> 1966.86 | I50: 7.45 | J50: =+I50*(C50*0.975) -> 2267.7427
A51: R110121SF | B51: Gut Sambach, 99974 Mühlhausen | C51: 358.6 | D51: D | E51: O2 | F51: =+'Auszahlung Erzeuger'!$F$31 -> 6.3 | G51: =+F51*C51 -> 2259.18 | I51: 7.45 | J51: =+I51*(C51*0.975) -> 2604.7807
A52: R110121SF | B52: Gut Sambach, 99974 Mühlhausen | C52: 346.8 | D52: D | E52: O2 | F52: =+'Auszahlung Erzeuger'!$F$31 -> 6.3 | G52: =+F52*C52 -> 2184.84 | I52: 7.45 | J52: =+I52*(C52*0.975) -> 2519.0685
A53: R110121SF | B53: Gut Sambach, 99974 Mühlhausen | C53: 512.6 | D53: D | E53: R4 | F53: =+'Auszahlung Erzeuger'!$F$31 -> 6.3 | G53: =+F53*C53 -> 3229.38 | I53: 7.55 | J53: =+I53*(C53*0.975) -> 3773.3767
A54: R110121SF | B54: Gut Sambach, 99974 Mühlhausen | C54: 388.2 | D54: D | E54: O2 | F54: =+'Auszahlung Erzeuger'!$F$32 -> 6.1 | G54: =+F54*C54 -> 2368.02 | I54: 7.45 | J54: =+I54*(C54*0.975) -> 2819.7877
A55: R110121SF | B55: Gut Sambach, 99974 Mühlhausen | C55: 404.8 | D55: D | E55: O2 | F55: =+'Auszahlung Erzeuger'!$F$32 -> 6.1 | G55: =+F55*C55 -> 2469.28 | I55: 7.45 | J55: =+I55*(C55*0.975) -> 2940.366
A56: R110121SF | B56: Gut Sambach, 99974 Mühlhausen | C56: 266.2 | D56: D | E56: O2 | F56: =+'Auszahlung Erzeuger'!$F$32 -> 6.1 | G56: =+F56*C56 -> 1623.82 | I56: 7.45 | J56: =+I56*(C56*0.975) -> 1933.6102
A57: R110121SF | B57: Gut Sambach, 99974 Mühlhausen | C57: 317.4 | D57: D | E57: O2 | F57: =+'Auszahlung Erzeuger'!$F$32 -> 6.1 | G57: =+F57*C57 -> 1936.14 | I57: 7.45 | J57: =+I57*(C57*0.975) -> 2305.5142
A58: R110121SF | B58: Gut Sambach, 99974 Mühlhausen | C58: 342 | D58: D | E58: O2 | F58: =+'Auszahlung Erzeuger'!$F$32 -> 6.1 | G58: =+F58*C58 -> 2086.2 | I58: 7.45 | J58: =+I58*(C58*0.975) -> 2484.2025
A59: R110121SF | B59: Gut Sambach, 99974 Mühlhausen | C59: 442.2 | D59: D | E59: R5 | F59: =+'Auszahlung Erzeuger'!$F$42-0.4 -> 5.6 | G59: =+F59*C59 -> 2476.32 | I59: 7 | J59: =+I59*(C59*0.975) -> 3018.015
A60: R110121SF | B60: Gut Sambach, 99974 Mühlhausen | C60: 272.2 | D60: D | E60: O2 | F60: =+'Auszahlung Erzeuger'!$F$32 -> 6.1 | G60: =+F60*C60 -> 1660.42 | I60: 7.45 | J60: =+I60*(C60*0.975) -> 1977.1927
A61: R110121SF | B61: Gut Sambach, 99974 Mühlhausen | C61: 334.8 | D61: D | E61: O2 | F61: =+'Auszahlung Erzeuger'!$F$32 -> 6.1 | G61: =+F61*C61 -> 2042.28 | I61: 7.45 | J61: =+I61*(C61*0.975) -> 2431.9035
A62: R010221IZ | B62: Jan Iding, 23715 Bosau | C62: 291.4 | D62: D | E62: P2 | F62: =+'Auszahlung Erzeuger'!$F$33 -> 5.5 | G62: =+F62*C62 -> 1602.7 | I62: 6.8 | J62: =+I62*(C62*0.975) -> 1931.982
A63: R010221IZ | B63: Jan Iding, 23715 Bosau | C63: 405.8 | D63: A | E63: R2 | F63: =+'Auszahlung Erzeuger'!$D$31 -> 7.25 | G63: =+F63*C63 -> 2942.05 | I63: 7.9 | J63: =+I63*(C63*0.975) -> 3125.6745
A64: R010221IZ | B64: Jan Iding, 23715 Bosau | C64: 395 | D64: A | E64: R2 | F64: =+'Auszahlung Erzeuger'!$D31 -> 7.25 | G64: =+F64*C64 -> 2863.75 | I64: 7.9 | J64: =+I64*(C64*0.975) -> 3042.4875
A65: R010221Iz | B65: Armin Schritt, 23777 Heringsdorf | C65: 394.4 | D65: D | E65: R3 | F65: =+'Auszahlung Erzeuger'!$F$36 -> 6.35 | G65: =+F65*C65 -> 2504.44 | I65: 7.55 | J65: =+I65*(C65*0.975) -> 2903.277
A66: R010221Iz | B66: Armin Schritt, 23777 Heringsdorf | C66: 318.4 | D66: E | E66: R3 | F66: =+'Auszahlung Erzeuger'!$C$36 -> 7.15 | G66: =+F66*C66 -> 2276.56 | I66: 7.6 | J66: =+I66*(C66*0.975) -> 2359.344
A67: R010221Iz | B67: Armin Schritt, 23777 Heringsdorf | C67: 437.8 | D67: C | E67: R3 | F67: =+'Auszahlung Erzeuger'!$D$36 -> 7.3 | G67: =+F67*C67 -> 3195.94 | I67: 7.9 | J67: =+I67*(C67*0.975) -> 3372.1545
A68: R010221Iz | B68: Armin Schritt, 23777 Heringsdorf | C68: 370.4 | D68: C | E68: R3 | F68: =+'Auszahlung Erzeuger'!$D$36 -> 7.3 | G68: =+F68*C68 -> 2703.92 | I68: 7.9 | J68: =+I68*(C68*0.975) -> 2853.006
A69: R010221Iz | B69: Armin Schritt, 23777 Heringsdorf | C69: 376.4 | D69: C | E69: R3 | F69: =+'Auszahlung Erzeuger'!$D$36 -> 7.3 | G69: =+F69*C69 -> 2747.72 | I69: 7.9 | J69: =+I69*(C69*0.975) -> 2899.221
A70: R010221Iz | B70: Armin Schritt, 23777 Heringsdorf | C70: 390.2 | D70: C | E70: R3 | F70: =+'Auszahlung Erzeuger'!$D$36 -> 7.3 | G70: =+F70*C70 -> 2848.46 | I70: 7.9 | J70: =+I70*(C70*0.975) -> 3005.5155
A71: R010221Iz | B71: Armin Schritt, 23777 Heringsdorf | C71: 352.2 | D71: C | E71: R3 | F71: =+'Auszahlung Erzeuger'!$D$36 -> 7.3 | G71: =+F71*C71 -> 2571.06 | I71: 7.9 | J71: =+I71*(C71*0.975) -> 2712.8205
A72: R010221Iz | B72: Armin Schritt, 23777 Heringsdorf | C72: 384.8 | D72: C | E72: R3 | F72: =+'Auszahlung Erzeuger'!$D$36 -> 7.3 | G72: =+F72*C72 -> 2809.04 | I72: 7.9 | J72: =+I72*(C72*0.975) -> 2963.922
B74: Gesamt | C74: =SUM(C5:C73) -> 24419 | D74: =COUNT(C5:C73) -> 68 | F74: =+G74/C74 -> 6.5637268 | G74: =SUM(G5:G73) -> 160279.65 | J74: =SUM(J5:J73) -> 180638.23
A79: Kosten | C79: Preis | D79: Gesamt | E79: pro kg SG | F79: LWL | G79: Demeter Erlöse | H79: Demeter Auslage
A80: Tiere Insgesamt | D80: =+G74 -> 160279.65 | H80: =+G74 -> 160279.65 | J80: =+H80 -> 160279.65
A82: Rolfes R040121Ro
A83: Schlachten | B83: 24 | C83: 175 | D83: =+C83*B83 -> 4200 | H83: =+D83 -> 4200 | J83: =+H83 -> 4200
A85: Basche R110121Iz
A86: Schlachten | B86: 13 | C86: 175 | D86: =1560+11 -> 1571 | H86: =+D86 -> 1571 | J86: =+H86 -> 1571
A88: Fulda R110121SF
A89: Schlachten | B89: 20 | C89: 175 | D89: 1831.5 | H89: =+D89 -> 1831.5 | J89: =+H89 -> 1831.5
A91: Basche R010221Iz
A92: Schlachten | B92: 11 | C92: 175 | D92: =1320+16.5 -> 1336.5 | H92: =+D92 -> 1336.5 | J92: =+H92 -> 1336.5
A95: Transport Tiere
A96: Eurofresh 05.01.2021 Rolfes | B96: 8100.2 | C96: 0.3 | D96: =+C96*B96 -> 2430.06 | H96: =+D96 -> 2430.06 | J96: =+H96 -> 2430.06
A97: RF Itzhoe | B97: 4956.7 | C97: 0.3 | D97: =+C97*B97 -> 1487.01 | H97: =+D97 -> 1487.01 | J97: =+H97 -> 1487.01
A98: Eurofresh 12.01.2021 Fulda | B98: 7249.2 | C98: 0.3 | D98: =+C98*B98 -> 2174.76 | H98: =+D98 -> 2174.76 | J98: =+H98 -> 2174.76
A99: RF Itzhoe | B99: 4034.8 | C99: 0.3 | D99: =+C99*B99 -> 1210.44 | H99: =+D99 -> 1210.44 | J99: =+H99 -> 1210.44
A102: Zerlegung pro Tier LWL
A103: Feinschnitt / Vakuumierung kg schier | B103: =+D103/C103 -> 9303.7778 | C103: 0.9 | D103: 8373.4 | F103: =+D103 -> 8373.4
A104: Verarbeitung 3mm | B104: 11118.5 | C104: 1 | D104: =+C104*B104 -> 11118.5 | F104: =+D104 -> 11118.5
A106: Analsyen | B106: Analysen | D106: 5000 | F106: 3000
A107: Analsyen pro Lieferung | B107: Anteil | F107: =+D107 -> 0
F108: =+D108 -> 0
A109: Transporte | B109: zu den Kunden | F109: =+D109 -> 0
D110: 2800 | F110: =+D110 -> 2800
F111: =+D111 -> 0
A112: Organisation Demeter Landbau Tiere | B112: =+D74 -> 68 | C112: 40 | D112: =+C112*B112 -> 2720 | E112: =+D112/C74 -> 0.11138867 | G112: =+D112 -> 2720
E113: =+D113/C74*-1 -> 0
A114: Gesamt Kosten Tiere | C114: =+D114/B131 -> 13.934433 | D114: =SUM(D81:D113)+G74 -> 206532.82 | E114: =SUM(E82:E113) -> 0.11138867 | F114: =SUM(F80:F113) -> 25291.9 | G114: =SUM(G80:G113) -> 2720 | H114: =SUM(H80:H113) -> 176520.92 | J114: =SUM(J80:J113) -> 176520.92
J116: =+J74-J114 -> 4117.3106
A117: Erlöse | B117: kg | C117: Preis | D117: Gesamt
...
